 Dungeon Crawl Stone Soup version 0.28.0-53-g5a82cb258f (webtiles) character file.

Game seed: 11975174372324066444

2160 raph the Destroyer (level 9, -8/62 HPs)
             Began as a Pale Draconian Conjurer on June 11, 2022.
             Mangled by Harold
             ... wielding a +0 scimitar
              (18 damage)
             ... on level 7 of the Dungeon.
             The game lasted 00:13:51 (9736 turns).

raph the Destroyer (Pale Draconian Conjurer)        Turns: 9736, Time: 00:13:52

Health: -8/62      AC:  8    Str: 10    XL:     9   Next: 10%
Magic:  11/16      EV: 13    Int: 22    God:
Gold:   248        SH:  0    Dex: 10    Spells: 0/17 levels left

rFire   . . .      SeeInvis .   o - +2 dagger (elec)
rCold   . . .      Faith    .   (no shield)
rNeg    . . .      Spirit   .   (armour unavailable)
rPois   .          Reflect  .   (helmet restricted)
rElec   .          Harm     .   (no cloak)
rCorr   .          Rampage  .   u - +0 pair of gloves
Will    .....                   (no boots)
Stlth   +++.......              c - amulet of magic regeneration
HPRegen 0.20/turn               n - ring of wizardry
MPRegen 0.55/turn               (no ring)

@: short of breath, marked
A: breathe steam, AC +7, unfitting armour, cold-blooded, steam resistance
a: Breathe Steam


You were on level 7 of the Dungeon.
You visited 1 branch of the dungeon, and saw 7 of its levels.

You collected 332 gold pieces.
You spent 84 gold pieces at shops.

Inventory:

Hand Weapons
 d - a +0 dagger
 g - a +1 short sword of draining
 m - a +0 rapier
 o - a +2 dagger of electrocution (weapon)
Missiles
 t - a throwing net
Armour
 u - a +0 pair of gloves (worn)
Jewellery
 c - an amulet of magic regeneration (around neck)
 n - a ring of wizardry (left hand)
Wands
 j - a wand of iceblast (15)
Scrolls
 b - 2 scrolls of enchant weapon
 h - 5 scrolls of teleportation
 l - a scroll of magic mapping
 s - a scroll of fog
Potions
 a - 6 potions of curing
 e - 3 potions of brilliance
 f - 3 potions of might {unknown}
 i - 3 potions of heal wounds {unknown}
 k - 3 potions of haste {unknown}
 p - a potion of berserk rage {unknown}
 q - a potion of ambrosia {unknown}
 r - a potion of attraction {unknown}
 v - a potion of degeneration {unknown}


   Skills:
 + Level 4.7 Dodging
 + Level 5.0 Stealth
 + Level 4.8 Spellcasting
 * Level 8.0 Conjurations
 * Level 4.6 Hexes


You couldn't memorise any spells.
You knew the following spells:

 Your Spells              Type           Power      Damage    Failure   Level
a - Magic Dart            Conj           100%       1d8       1%          1
b - Searing Ray           Conj           80%        2d7       1%          2
c - Dazzling Flash        Conj/Hex       66%        N/A       1%          3
d - Fulminant Prism       Conj/Hex       16%        3d11      3%          4
e - Iskenderun's Mystic   Conj/Tloc      22%        2d6       9%          4
f - Swiftness             Air            5%         N/A       12%         3

Your spell library contained the following spells:

 Spells                   Type           Power      Damage    Failure   Level
 Ensorcelled Hibernation  Hex/Ice        30%        N/A       2%          2
 Pain                     Necr           20%        1d5       4%          1
 Passwall                 Tmut/Erth      4%         N/A       6%          2
 Agony                    Necr           5%         N/A       71%         5
 Excruciating Wounds      Necr           2%         N/A       71%         5


Dungeon Overview and Level Annotations

Branches:
Dungeon (7/15)
 Temple: D:4-7

Altars:
Zin
The Shining One

Shops:
D:2 *   D:5 *   D:6 [

Annotations:
D:4 2 runed translucent doors, protoss039's ghost, amateur DsEE
D:7 Harold


Innate Abilities, Weirdness & Mutations

You can breathe blasts of scalding, opaque steam.
Your pale cyan-grey scales are hard. (AC +7)
You cannot fit into any form of body armour.
You are cold-blooded and may be slowed by cold attacks.
You are immune to the effects of steam.


Message History

Casting: Iskenderun's Mystic Blast (dangerous; 9% risk of failure)
Confirm with . or Enter, or press ? or * to list all spells.
Aiming: Searing Ray (safe; 1% risk of failure)
Press: ? - help, Shift-Dir - straight line, f - centaur, p - Harold
Aim: a centaur, wielding a +0 shortbow and quivering arrows (lightly wounded, 89% to hit)
The searing ray hits Harold.
Harold is almost dead.
The searing ray hits the centaur.
The centaur is moderately wounded. (Press . to maintain the ray.)
You have got your breath back.
Harold barely misses you.
The searing ray hits Harold.
Harold is almost dead.
The searing ray hits the centaur.
The centaur is heavily wounded.
A black bear comes into view.
Harold points at you and mumbles some strange words.
The mark upon you grows brighter.
The searing ray hits Harold but does no damage.
Harold is almost dead.
The searing ray hits the centaur.
The centaur is almost dead.
Harold hits you with a +0 scimitar!
The searing ray hits Harold.
Harold is almost dead.
The searing ray hits the centaur.
The centaur is almost dead.
You finish channelling your searing ray.
A bullfrog comes into view.
Harold hits you with a +0 scimitar!!
* * * LOW HITPOINT WARNING * * *
Aiming: Breathe Steam (1% risk of failure)
Press: ? - help, Shift-Dir - straight line, p - centaur You exhale a blast of scalding steam.
The ball of steam hits Harold.
Harold is almost dead.
The ball of steam hits the centaur!
You kill the centaur!
Harold hits you with a +0 scimitar!!
You die...

#.#.####...........
#...........#
########.##.#
#.##.# #.##c#
#.##.# #.##.#
#.##.###.#.#
#@@ยง.?h.F..#
####$#####.. #.#
#.# #.# #.# #.# #..


You could see Harold.

Vanquished Creatures
  Sigmund (D:5)
  Eustachio (D:4)
  Menkaure (D:5)
  A water moccasin (D:5)
  A sky beast (D:6)
  An ice beast (D:6)
  3 black bears
  2 centaurs
  An ogre (D:4)
  3 scorpions
  A gnoll sergeant (D:6)
  A wyvern skeleton (D:6)
  A water moccasin skeleton (D:6)
  A howler monkey (D:5)
  A hound (D:5)
  A jelly (D:5)
  An orc priest (D:3)
  A bullfrog skeleton (D:6)
  2 gnoll shamans
  2 iguanas
  3 orc wizards (D:3)
  2 scorpion zombies
  5 adders
  11 gnolls
  2 shadow imps
  A white imp (D:5)
  2 ufetubi
  An adder skeleton (D:4)
  A worm (D:4)
  A dart slug (D:1)
  14 orcs
  4 endoplasms
  5 giant cockroaches
  7 goblins
  4 hobgoblins
  4 quokkas
  7 ball pythons
  8 bats
  3 frilled lizards (D:3)
  7 kobolds
  6 rats
125 creatures vanquished.

Vanquished Creatures (others)
  A goblin (D:3)
  10 fulminant prisms
11 creatures vanquished.

Grand Total: 136 creatures vanquished

Notes
Turn   | Place    | Note
-------+----------+-------------------------------------------
     0 | D:1      | raph the Draconian Conjurer began the quest for the Orb.
     0 | D:1      | Reached XP level 1. HP: 14/14 MP: 3/3
   635 | D:1      | Reached XP level 2. HP: 17/20 MP: 5/5
  1306 | D:1      | Learned a level 2 spell: Searing Ray
  1710 | D:2      | Found Goppas's Assorted Antiques.
  1717 | D:2      | Bought a scroll labelled DOASISTOQAY for 26 gold pieces
  1768 | D:2      | Reached XP level 3. HP: 23/26 MP: 0/6
  1881 | D:2      | Noticed a black bear
  2410 | D:2      | Noticed a golden eye
  2412 | D:2      | Found a faded altar of an unknown god.
  2415 | D:2      | Noticed a golden eye
  2415 | D:2      | Noticed a golden eye
  2415 | D:2      | Noticed a floating eye
  3243 | D:3      | Reached XP level 4. HP: 25/33 MP: 1/7
  3434 | D:3      | Reached skill level 5 in Conjurations
  3701 | D:3      | Reached XP level 5. HP: 32/38 MP: 3/9
  3831 | D:3      | Learned a level 3 spell: Dazzling Flash
  4580 | D:4      | Noticed an ogre
  4588 | D:4      | Killed an ogre
  4589 | D:4      | Reached XP level 6. HP: 45/45 MP: 2/10
  4762 | D:4      | Learned a level 4 spell: Fulminant Prism
  4925 | D:4      | Found a glowing golden altar of the Shining One.
  5219 | D:4      | Noticed Eustachio
  5227 | D:4      | Killed Eustachio
  5228 | D:4      | Reached skill level 6 in Conjurations
  5228 | D:4      | Reached skill level 1 in Hexes
  5228 | D:4      | Your scales start taking on a pale cyan-grey colour.
  5228 | D:4      | Reached XP level 7. HP: 46/50 MP: 2/12
  5228 | D:4      | Gained mutation: You are immune to the effects of steam.
                  | [Pale Draconian growth]
  5421 | D:4      | Found a runed translucent door.
  5425 | D:4      | Noticed protoss039's ghost (amateur DsEE)
  5476 | D:4      | Found a runed translucent door.
  6100 | D:5      | Entered Level 5 of the Dungeon
  6344 | D:5      | Found Zin's Purification Station.
  6348 | D:5      | Found a glowing silver altar of Zin.
  6758 | D:5      | Noticed Sigmund
  7023 | D:5      | Killed Sigmund
  7024 | D:5      | Reached XP level 8. HP: 57/57 MP: 1/14
  7454 | D:5      | Learned a level 3 spell: Swiftness
  7470 | D:5      | Reached skill level 7 in Conjurations
  7678 | D:5      | Noticed Menkaure
  7687 | D:5      | Killed Menkaure
  8733 | D:6      | Reached XP level 9. HP: 54/62 MP: 6/16
  8738 | D:6      | Learned a level 4 spell: Iskenderun's Mystic Blast
  8748 | D:6      | Reached skill level 5 in Stealth
  8846 | D:6      | Reached skill level 8 in Conjurations
  9392 | D:6      | Found Ahaut's Armour Shop.
  9399 | D:6      | Bought a +0 pair of gloves for 58 gold pieces
  9714 | D:7      | Noticed Harold
  9736 | D:7      | Mangled by Harold

Illustrated notes

Levels and vault maps discovered:
D:1:      psy_arrival_basics, layout_basic
D:2:      minmay_angry_zag, layout_basic,
          hellmonk_ecumenical_altar_watching_god, serial_shops, shop,
          grunt_ministairs_13
D:3:      layout_loops_ring
D:4:      layout_basic, mainiacjoe_overflow_brackets, serial_curves,
          eino_curves_03, eino_curves_02, ebering_ghost_sewer_f, uniq_eustachio
D:5:      layout_basic, zin_purify, uniq_menkaure, uniq_sigmund
D:6:      layout_basic, serial_rivers, chequers_serial_rivers_marsh,
          chequers_serial_rivers_large_a, chequers_serial_rivers_micro_e,
          chequers_serial_rivers_small_b, chequers_serial_rivers_micro_e,
          serial_shops, shop_fountains, minmay_diced_spiral
D:7:      layout_loops_ring, mainiacjoe_overflow_small_starburst,
          minmay_temple_entry_mini_moons, minivault_10, uniq_maggie,
          uniq_harold, uniq_pikel

Skill      XL: |  1  2  3  4  5  6  7  8  9 |
---------------+----------------------------+-----
Stealth        | 2 3 4 5 |  5.0
Dodging        | 2 3 4 |  4.7
Conjurations   | 5 6 7 8 |  8.0
Spellcasting   | 3 4 |  4.8
Hexes          | 1 2 4 |  4.6

Action                   |  1- 3 |  4- 6 |  7- 9 || total
-------------------------+-------+-------+-------++-------
Melee: Dagger            |    21 |       |    32 ||    53
       Unarmed           |     4 |       |       ||     4
       Tailslap          |     4 |     1 |     4 ||     9
       Short sword       |    34 |     8 |    11 ||    53
       Punch             |       |     1 |       ||     1
 Cast: Magic Dart        |    28 |    30 |    13 ||    71
       Searing Ray       |    13 |    24 |    39 ||    76
       Fulminant Prism   |       |       |    10 ||    10
       Swiftness         |       |       |     1 ||     1
       Iskenderun's Myst |       |       |     2 ||     2
 Abil: Breathe Steam     |       |       |     6 ||     6
  Use: Scroll            |     5 |     1 |     2 ||     8
       Potion            |     1 |       |       ||     1
 Stab: Sleeping          |     1 |       |     4 ||     5
Armor: Skin              |    28 |     2 |    33 ||    63
Dodge: Dodged            |    53 |    15 |    72 ||   140
